AoeStats
← [GDL] HANNIBAL

Arena

508811889Analyzed
4v4 RM · 9d ago on Sep 24, 2026· 32m 0s· 8 players
Game mode
Random Map
Map size
Large (8 player)
Population
200
Speed
Normal
Resources
Standard
Victory
Conquest
Starting age
Dark Age
Ending age
Imperial Age
RankedLock teamsTeams togetherTeam positionsShared explorationLock speedFull tech treeHidden civsTurbo modeCheats
Victory
Defeat
🇻🇳 Italians · Vietnam
1375
+14
🇻🇳 Slavs · Vietnam
1362
+14
1347
+15
🇹🇼 Teutons · Taiwan
1340
+15
🇲🇽 Teutons · Mexico
1356
-17
🇺🇸 Italians · United States
1333
-15
🇨🇦 Danes · Canada
1297
-13
🇲🇽 Vietnamese · Mexico
1295
-13
我伴糖有1300你不服气吗
9:06 Loom
12:51 Feudal Age
16:37 Castle Age
14:49 Double-Bit Axe
14:54 Horse Collar
15:32 Stone Mining
25:54 Wheelbarrow
26:53 Bow Saw
29:44 Imperial Age
27:45 Gold Mining
29:23 Stone Shaft Mining
30:14 Capped Ram
31:53 Conscription
飛衫走奶
6:08 Loom
9:04 Feudal Age
10:15 Fletching
14:21 Double-Bit Axe
17:30 Double-Bit Axe
17:26 Horse Collar
21:27 Wheelbarrow
22:52 Gold Mining
25:51 Castle Age
24:46 Bloodlines
25:17 Gold Mining
25:18 Stone Mining
26:40 Forging
26:36 Scale Barding Armor
32:17 Bow Saw
32:19 Heavy Plow
piecardinap
13:24 Feudal Age
14:20 Double-Bit Axe
15:05 Fletching
16:13 Stone Mining
16:45 Horse Collar
29:31 Castle Age
mryendl2410
11:43 Feudal Age
12:42 Loom
15:35 Castle Age
14:12 Double-Bit Axe
14:09 Horse Collar
14:20 Gold Mining
21:25 Imperial Age
21:08 Fletching
30:28 Bodkin Arrow
Manan369
10:08 Feudal Age
14:10 Castle Age
12:54 Double-Bit Axe
12:49 Horse Collar
16:46 Stone Mining
19:55 Wheelbarrow
22:32 Bow Saw
25:09 Fletching
25:50 Bodkin Arrow
28:53 Elite Skirmisher
31:48 Padded Archer Armor
[GDL] HANNIBAL
5:09 Loom
8:17 Feudal Age
10:17 Fletching
18:21 Horse Collar
25:39 Town Watch
25:53 Double-Bit Axe
28:32 Castle Age
28:10 Stone Mining
29:07 Bodkin Arrow
29:56 Bow Saw
30:11 Guard Tower
31:38 Ballistics
AlDebaran
8:35 Feudal Age
9:19 Double-Bit Axe
9:15 Horse Collar
11:19 Loom
13:13 Fletching
14:54 Town Watch
19:21 Wheelbarrow
18:39 Gold Mining
23:28 Castle Age
27:40 Imperial Age
26:37 Bow Saw
30:13 Bodkin Arrow
[CL]TrunicC
11:07 Feudal Age
11:21 Loom
12:14 Gold Mining
16:36 Wheelbarrow
16:17 Fletching
21:31 Stone Mining
Connection lost

Rejoining the realm…

Still unreachable

The connection could not be restored.

Session expired

The server has moved on; the page needs a fresh start.